 Dungeon Sprint DCSS version 0.27.1 (webtiles) character file.

Game seed: 5755341914103207346

3793 styxcanada the Imperceptible (level 9, -13/55 HPs)
             Began as a Spriggan Brigand on Aug 27, 2021.
             Was an Initiate of Gozag.
             Killed from afar by Frances (42 damage)
             ... with a shard of ice
             ... in the Dungeon (Sprint III: "The Ten Rune Challenge").
             The game lasted 00:09:55 (1406 turns).

styxcanada the Imperceptible (Spriggan Brigand)     Turns: 1406, Time: 00:09:55

Health: -13/55     AC:  5    Str:  7    XL:     9   Next: 96%
Magic:  10/10      EV: 26    Int: 16    God:    Gozag
Gold:   1695       SH:  0    Dex: 20    Spells: 8/8 levels left

rFire    . . .     SeeInvis +   b - +0 dagger (venom)
rCold    . . .     Faith    .   (shield restricted)
rNeg     . . .     Spirit   .   l - +2 robe {Will+}
rPois    .         Reflect  .   (helmet restricted)
rElec    .         Harm     .   c - +0 cloak
rCorr    .         Rampage  .   (gloves unavailable)
Will     ++...     NoTele   +   (boots unavailable)
Stlth    +++++++++.             (no amulet)
HPRegen  0.18/turn              (no ring)
MPRegen  0.12/turn              (no ring)

@: slowed, quick
A: very small, no large weapons, unfitting armour, see invisible, speed 3,
clever 2, robust 1, evolution 1
a: Renounce Religion, Potion Petition, Call Merchant, Bribe Branch


You were in the Dungeon.
You worshipped Gozag.
Gozag was most pleased with you.
You visited 1 branch You collected 1695 gold pieces.

Inventory:

Hand Weapons
 a - a +2 dagger
 b - a +0 dagger of venom (weapon)
 q - a +1 long sword of holy wrath
Armour
 c - a +0 cloak (worn)
 l - a +2 robe of willpower (worn)
Scrolls
 k - 2 scrolls of blinking
 m - a scroll of torment {unknown}
 n - a scroll of identify {unknown}
 p - a scroll of holy word {unknown}
Potions
 g - 2 potions of heal wounds
 h - 2 potions of haste
 i - 2 potions of magic
 o - 4 potions of flight


   Skills:
 * Level 7.0 Fighting
 + Level 6.4(8.0) Short Blades
 + Level 5.6(6.5) Long Blades
 + Level 5.7 Throwing
 * Level 10.9 Dodging
 * Level 23.8 Stealth


You had 8 spell levels left.
You didn't know any spells.
Your spell library contained the following spells:

 Spells                   Type           Power      Damage    Failure   Level
 Ozocubu's Armour         Ice            0%         N/A       58%         3
 Ozocubu's Refrigeration  Ice            0%         4d5       100%        7


Dungeon Overview and Level Annotations

Branches:
Dungeon (1/1)

Altars:
Cheibriados
Dithmenos
Elyvilon
Fedhas
Gozag
Hepliaklqana
Kikubaaqudgha
Makhleb
Nemelex Xobeh
Okawaru
Qazlal
Ru
Sif Muna
Trog
Uskayaw
Vehumet
Wu Jian
Xom
Yredelemnul
Zin
The Shining One
Beogh
Jiyva
Lugonu

Annotations:
D Donald, Frances


Innate Abilities, Weirdness & Mutations

You are very small and have problems with some larger weapons.
You are too small for most types of armour.
You have supernaturally acute eyesight. (SInv)
You cover ground extremely quickly. (Speed+++)
Your mind is very acute. (Int +4)
You are robust. (+10% HP)
You evolve.


Message History

You throw a poisoned dart. The poisoned dart hits Frances!
Frances is poisoned.
Frances is lightly wounded.
Frances throws a curare-tipped dart.
The curare-tipped dart hits you.
You are poisoned.
You have difficulty breathing.
You feel yourself slow down.
Throw: 2 darts (curare)
Press: ? - help, Q - select action, (/) - cycle Shift-Dir - straight line, f/p - Frances
Aim: Frances, wielding a +2 war axe of holy wrath and quivering curare-tipped darts (lightly wounded, very poisoned, 67% to hit)
You throw a curare-tipped dart. The curare-tipped dart hits Frances.
Frances looks as sick as possible!
Frances convulses.
Frances seems to slow down.
Frances is lightly wounded.
You feel very sick.
Throw: dart (curare)
Press: ? - help, Q - select action, (/) - cycle Shift-Dir - straight line, f/p - Frances
Aim: Frances, wielding a +2 war axe of holy wrath and quivering curare-tipped darts (moderately wounded, extremely poisoned, slow, 67% to hit)
You throw a curare-tipped dart.
The curare-tipped dart barely misses Frances.
You feel very sick.
Unknown command.
You feel better.
Frances throws a curare-tipped dart.
The curare-tipped dart hits you.
You are poisoned.
You have difficulty breathing.
You feel as though you will be slow longer.
You feel very sick.
You feel sick.
You feel sick.
You feel sick.
You feel sick.
There is an open door here.
You feel sick.
You feel sick.
You feel sick.
You are no longer poisoned.
Frances screams a word of power!
The shard of ice hits you!!!
Ouch! That really hurt!
You die...
Your body crumbles into a pile of gold.

####### $ $ ___#__# $ $$$ $$
__)#._#$ '###'## ......# $$
......# $ $ $ #####'# $ $$$ $
__#...#+#####################
__#...#..≈≈≈§.#.@...'@#.#.#.+
_v#...#§#§§§#.#.#...##.#.#.##
__#...'.#§§§#.#.#)..#.#.#.#.#
__'...#.#§§.#...#)).##.#.#.#
▓▓▓▓▓▓▓▓▓▓▓▓▓▓▓▓▓▓▓▓#.#.#.#.#
♣≈≈≈........≈≈≈...##.#@#.##
+♣≈≈≈≈≈≈≈≈≈≈≈≈♣♣..'.#.#.#.#
♣♣♣♣♣♣♣♣♣♣♣♣♣♣♣PP##(#.#(##
♣♣♣##'#####


You could see Frances (very poisoned, slow).

Vanquished Creatures
  Snorg (D)
  A centaur warrior (D)
  A deep elf pyromancer (D)
  An unseen horror (D)
  3 wandering mushrooms (D)
  A shadow (D)
  A spatial vortex (D)
  A necrophage (D)
  2 centaurs (D)
  An earth elemental (D)
  A water elemental (D)
  A jelly (D)
  Jessica (D)
  A necromancer (D)
  A wizard (D)
  3 humans (D)
  A kobold demonologist (D)
  A phantom (D)
  2 endoplasms (D)
25 creatures vanquished.

Vanquished Creatures (others)
  A plant (D)
1 creature vanquished.

Grand Total: 26 creatures vanquished

Notes
Turn   | Place    | Note
-------+----------+-------------------------------------------
     0 | D        | styxcanada the Spriggan Brigand began the quest for the
                  | Orb.
     0 | D        | Reached XP level 1. HP: 10/10 MP: 2/2
    11 | D        | Reached skill level 6 in Stealth
   261 | D        | Reached skill level 7 in Stealth
   273 | D        | Noticed Jessica
   277 | D        | Killed Jessica
   278 | D        | Reached skill level 9 in Stealth
   278 | D        | Reached XP level 2. HP: 15/15 MP: 3/3
   278 | D        | Reached XP level 3. HP: 18/18 MP: 4/4
   356 | D        | Reached skill level 10 in Stealth
   367 | D        | Gained mutation: Your muscles are strong. (Str +2) [potion
                  | of mutation]
   367 | D        | Lost mutation: Your muscles are strong. (Str +2) [potion of
                  | mutation]
   367 | D        | Gained mutation: You have a beak for a mouth. [potion of
                  | mutation]
   368 | D        | Lost mutation: You have a beak for a mouth. [potion of
                  | mutation]
   368 | D        | Gained mutation: Your spells are a little harder to cast,
                  | but a little more powerful. [potion of mutation]
   368 | D        | Gained mutation: You evolve. [potion of mutation]
   368 | D        | Gained mutation: Armour fits poorly on your strangely
                  | shaped body. [potion of mutation]
   368 | D        | Gained mutation: Your mind is acute. (Int +2) [potion of
                  | mutation]
   369 | D        | Lost mutation: Your spells are a little harder to cast, but
                  | a little more powerful. [potion of mutation]
   369 | D        | Lost mutation: Armour fits poorly on your strangely shaped
                  | body. [potion of mutation]
   369 | D        | Gained mutation: You are robust. (+10% HP) [potion of
                  | mutation]
   369 | D        | Gained mutation: Your mind is very acute. (Int +4) [potion
                  | of mutation]
   384 | D        | Noticed a water elemental
   387 | D        | Killed a water elemental
   388 | D        | Reached skill level 12 in Stealth
   388 | D        | Reached XP level 4. HP: 25/25 MP: 5/5
   397 | D        | Noticed a shadow
   399 | D        | Killed a shadow
   400 | D        | Reached skill level 5 in Dodging
   400 | D        | Reached skill level 15 in Stealth
   400 | D        | Reached XP level 5. HP: 30/30 MP: 6/6
   404 | D        | Reached skill level 16 in Stealth
   404 | D        | Reached XP level 6. HP: 35/35 MP: 7/7
   405 | D        | Found a blossoming altar of Fedhas.
   405 | D        | Found a stormy altar of Qazlal.
   405 | D        | Found a snail-covered altar of Cheibriados.
   405 | D        | Found a burning altar of Makhleb.
   405 | D        | Found a shimmering altar of Xom.
   405 | D        | Noticed a spatial vortex
   406 | D        | Found a hazy altar of Hepliaklqana.
   406 | D        | Found an opulent altar of Gozag.
   406 | D        | Found a sparkling altar of Nemelex Xobeh.
   406 | D        | Found a corrupted altar of Lugonu.
   406 | D        | Found a viscous altar of Jiyva.
   411 | D        | Became a worshipper of Gozag Ym Sagoz the Greedy
   529 | D        | Found a radiant altar of Vehumet.
   529 | D        | Found a shimmering blue altar of Sif Muna.
   529 | D        | Found an ancient bone altar of Kikubaaqudgha.
   549 | D        | Found a glowing silver altar of Zin.
   549 | D        | Found a glowing golden altar of the Shining One.
   549 | D        | Found a white marble altar of Elyvilon.
   550 | D        | Noticed a deep elf pyromancer
   552 | D        | Killed a deep elf pyromancer
   553 | D        | Reached skill level 19 in Stealth
   553 | D        | Reached XP level 7. HP: 41/41 MP: 8/8
   565 | D        | Found a hide-covered altar of Uskayaw.
   565 | D        | Found an iron altar of Okawaru.
   565 | D        | Found a bloodstained altar of Trog.
   565 | D        | Found an ornate altar of the Wu Jian Council.
   565 | D        | Noticed a human
   565 | D        | Noticed a human
   606 | D        | Killed a human
   607 | D        | Reached skill level 20 in Stealth
   635 | D        | Killed a human
   636 | D        | Reached XP level 8. HP: 46/46 MP: 9/9
   662 | D        | Found a basalt altar of Yredelemnul.
   662 | D        | Found a shadowy altar of Dithmenos.
   662 | D        | Found a sacrificial altar of Ru.
   666 | D        | Reached skill level 21 in Stealth
   919 | D        | Reached skill level 5 in Fighting
   928 | D        | Noticed Snorg
   930 | D        | Killed Snorg
   931 | D        | Reached skill level 5 in Short Blades
   931 | D        | Reached skill level 22 in Stealth
   931 | D        | Reached XP level 9. HP: 52/52 MP: 10/10
   967 | D        | Reached skill level 5 in Throwing
  1145 | D        | Noticed a centaur warrior
  1148 | D        | Killed a centaur warrior
  1149 | D        | Reached skill level 10 in Dodging
  1149 | D        | Reached skill level 23 in Stealth
  1165 | D        | Noticed an unseen horror
  1167 | D        | Killed an unseen horror
  1168 | D        | Reached skill level 5 in Long Blades
  1173 | D        | Noticed a wandering mushroom
  1178 | D        | Noticed a wandering mushroom
  1180 | D        | Noticed a wandering mushroom
  1181 | D        | Killed a wandering mushroom
  1186 | D        | Killed a wandering mushroom
  1271 | D        | Noticed Donald
  1271 | D        | Noticed Frances
  1406 | D        | Killed from afar by Frances

Illustrated notes

Levels and vault maps discovered:
D:        dungeon_sprint_mu [sprint_mu_entry_cave, sprint_mu_temple_rooms,
          sprint_mu_d1_horrors, sprint_mu_d2_genie, sprint_mu_d3_branching,
          sprint_mu_orc_legion, sprint_mu_elf_gauntlet, sprint_mu_hive_nellie,
          sprint_mu_lair_fedhas, sprint_mu_vaults_butterflies,
          sprint_mu_slime_circle, sprint_mu_shoals_kraken,
          sprint_mu_snake_twists, sprint_mu_blade_basic,
          sprint_mu_crypt_fortress, sprint_mu_tomb_spiral,
          sprint_mu_vestibule_basic, sprint_mu_gehenna_hellfire,
          sprint_mu_dis_giant, sprint_mu_tartarus_statrot,
          sprint_mu_cocytus_islands, sprint_mu_zot1]

Skill      XL: |  1  2  3  4  5  6  7  8  9 |
---------------+----------------------------+-----
Stealth        | 9 12 15 16 19 20 22 23 | 23.8
Fighting       | 2 3 4 5 7 |  7.0
Dodging        | 2 4 5 7 8 9 10 | 10.9
Short Blades   | 3 4 5 6 |  6.4
Throwing       | 3 4 5 |  5.7
Long Blades    | 2 5 |  5.6

Action                   |  1- 3 |  4- 6 |  7- 9 || total
-------------------------+-------+-------+-------++-------
Melee: Dagger            |     8 |     5 |    65 ||    78
       Long sword        |       |       |    31 ||    31
Throw: Dart              |       |       |    23 ||    23
  Use: Potion            |     3 |       |     2 ||     5
       Scroll            |     1 |       |       ||     1
 Stab: Sleeping          |     5 |     5 |     8 ||    18
       Distracted        |       |       |     1 ||     1
Armor: Robe              |       |       |     1 ||     1
Dodge: Dodged            |       |     1 |    34 ||    35
       Rpst.: Long sword |       |       |     6 ||     6
